 Dungeon Crawl Stone Soup version 0.29-a0-902-g0f71de6fce (webtiles) character file.

Game seed: 15455681351868769232

31755 pierdx the Unseen (level 13, -5/71 HPs)
             Began as a Spriggan Enchanter on July 24, 2022.
             Was a High Priest of Dithmenos.
             Slain by a centaur warrior (8 damage)
             ... on level 13 of the Dungeon.
             The game lasted 00:40:53 (16546 turns).

pierdx the Unseen (Spriggan Enchanter)             Turns: 16546, Time: 00:40:57

Health: -5/71      AC: 11    Str:  8    XL:     13   Next: 27%
Magic:  23/31      EV: 24    Int: 22    God:    Dithmenos [*****.]
Gold:   626        SH:  0    Dex: 17    Spells: 20/38 levels left

rFire   . . .      SeeInvis +   a - +2 dagger (venom)
rCold   . . .      Faith    .   (no shield)
rNeg    . . .      Spirit   .   x - +3 steam dragon scales
rPois   .          Reflect  .   (helmet restricted)
rElec   .          Harm     .   m - +2 cloak
rCorr   .          Rampage  .   (gloves unavailable)
Will    ++...                   (boots unavailable)
Stlth   ++++++++++              (no amulet)
HPRegen 0.21/turn               k - +6 ring of intelligence
MPRegen 0.22/turn               w - ring of wizardry

@: hasted, wreathed by umbra, very quick
A: very small, no large weapons, unfitting armour, see invisible, speed 3,
robust 1
a: Renounce Religion, Shadow Step, Shadow Form


You were on level 13 of the Dungeon.
You worshipped Dithmenos.
Dithmenos was extremely pleased with you.
You visited 2 branches of the dungeon, and saw 14 of its levels.
You also visited: Ossuary.

You collected 779 gold pieces.
You spent 153 gold pieces at shops.

Inventory:

Hand Weapons
 a - a +2 dagger of venom (weapon)
 b - a +2 dagger of speed
 y - a +1 dagger of electrocution
 z - a +4 dagger
Missiles
 g - 47 poisoned darts (quivered)
Armour
 m - a +2 cloak (worn)
 x - +3 steam dragon scales (worn)
Jewellery
 k - a +6 ring of intelligence (left hand)
 w - a ring of wizardry (right hand)
 A - a ring of positive energy
 C - a ring of protection from fire
Wands
 c - a wand of polymorph (12)
 j - a wand of flame (23)
 n - a wand of charming (13)
 B - a wand of quicksilver (5)
Scrolls
 e - 7 scrolls of identify
 i - a scroll of vulnerability
 p - 7 scrolls of teleportation
 q - 2 scrolls of magic mapping
 r - 5 scrolls of blinking
 t - a scroll of brand weapon
Potions
 d - 3 potions of lignification
 f - 2 potions of brilliance
 h - a potion of berserk rage
 l - 5 potions of curing
 o - 2 potions of cancellation
 s - a potion of might
 u - 3 potions of flight
 v - 3 potions of mutation
 D - 2 potions of resistance


   Skills:
 + Level 6.5 Fighting
 + Level 8.8 Short Blades
 + Level 10.8 Dodging
 + Level 16.2 Stealth
 + Level 13.3 Spellcasting
 + Level 13.4 Hexes


You had 20 spell levels left.
You knew the following spells:

 Your Spells              Type           Power      Damage    Failure   Level
a - Ensorcelled Hibernat  Hex/Ice        88%        N/A       1%          2
b - Tukima's Dance        Hex            65%        N/A       1%          3
c - Dazzling Flash        Conj/Hex       88%        N/A       1%          3
d - Confusing Touch       Hex            65%        N/A       1%          3
e - Enfeeble              Hex            32%        N/A       6%          7

Your spell library contained the following spells:

 Spells                   Type           Power      Damage    Failure   Level
 Beastly Appendage        Tmut           28%        N/A       1%          1
 Necrotise                Necr           56%        1d6       1%          1
 Portal Projectile        Hex/Tloc       88%        N/A       1%          3
 Anguish                  Hex/Necr       22%        N/A       1%          4
 Scorch                   Fire           28%        2d6       2%          2
 Wereblood                Tmut           14%        N/A       2%          2
 Silence                  Hex/Air        22%        N/A       3%          5
 Frozen Ramparts          Ice            28%        1d4       5%          3
 Spider Form              Tmut/Pois      14%        N/A       5%          3
 Vampiric Draining        Necr           14%        2d7       5%          3
 Animate Dead             Necr           14%        N/A       17%         4
 Flame Wave               Conj/Fire      14%        2d6       17%         4
 Ice Form                 Ice/Tmut       14%        N/A       17%         4
 Passage of Golubria      Tloc           14%        N/A       17%         4
 Summon Ice Beast         Ice/Summ       14%        N/A       17%         4
 Agony                    Necr           14%        N/A       43%         5
 Blade Hands              Tmut           7%         N/A       43%         5
 Borgnjor's Vile Clutch   Necr/Erth      7%         N/A       43%         5
 Death Channel            Necr           7%         N/A       92%         6
 Summon Cactus Giant      Summ           7%         N/A       92%         6
 Malign Gateway           Summ/Tloc      7%         N/A       100%        7
 Lehudib's Crystal Spear  Conj/Erth      7%         10d3      100%        8
 Summon Horrible Things   Summ           7%         N/A       100%        8


Dungeon Overview and Level Annotations

Branches:
Dungeon (13/15)            Temple (1/1) D:5            Lair (0/5) D:10
    Orc (0/2) D:12        Ossuary (visited)
 Vaults: D:13-14

Altars:
Ashenzari
Dithmenos
Hepliaklqana
Kikubaaqudgha
Okawaru
Trog
Wu Jian
The Shining One
Jiyva

Shops:
D:7 [?*   D:8 *   D:12 *

Annotations:
D:10 1 runed translucent door, Smoky173's ghost, journeyman HOMo
D:11 3 runed translucent doors, PigKeeper's ghost, journeyman TeVM
D:12 exclusion: 2 doors


Innate Abilities, Weirdness & Mutations

You are very small and have problems with some larger weapons.
You are too small for most types of armour.
You have supernaturally acute eyesight. (SInv)
You cover ground extremely quickly. (Speed+++)
You are robust. (+10% HP)


Message History

Aim: a centaur, wielding a +0 shortbow (umbra, chance to affect: 77%)
The +0 shortbow dances into the air!
The centaur hits you but does no damage.
The centaur completely misses you. x2
The centaur kicks you but does no damage.
The centaur warrior closely misses you. x2; The centaur closely misses you.
The centaur misses you.
Casting: Tukima's Dance (safe; 1% risk of failure)
Confirm with . or Enter, or press ? or * to list all spells.
Aiming: Tukima's Dance (safe; 1% risk of failure)
Press: ? - help, Shift-Dir - straight line, f - you, p - centaur That would be overly suicidal.
Okay, then.
Unknown command.
Casting: Tukima's Dance (safe; 1% risk of failure)
Confirm with . or Enter, or press ? or * to list all spells.
Aiming: Tukima's Dance (safe; 1% risk of failure)
Press: ? - help, Shift-Dir - straight line, f - you That would be overly suicidal.
Okay, then.
Unknown command.
You feel better.
The centaur completely misses you. x2; The centaur hits you.
* * * LOW HITPOINT WARNING * * *
The centaur closely misses you. The centaur warrior hits you!
* * * LOW HITPOINT WARNING * * *
The centaur warrior kicks you.
* * * LOW HITPOINT WARNING * * *
The centaur hits you but does no damage.
The centaur closely misses you.
Your +7 mace "Vemiaf" {freeze, rF+ Str-4 Dex+3} hits the centaur warrior!
Your +7 mace "Vemiaf" {freeze, rF+ Str-4 Dex+3} freezes the centaur warrior.
Unknown command.
You hit the centaur warrior.
The centaur warrior is poisoned.
The centaur warrior is moderately wounded.
The centaur hits you.
* * * LOW HITPOINT WARNING * * *
The centaur closely misses you. The centaur completely misses you.
The centaur kicks you but does no damage.
The centaur warrior hits you!
You die...

............#.....###....
.........# #$.#)......#
.........#######.).....#
....###..#.$#..#..###..# ...
#......#......# .... ..#
#$.#..###..#..# ..###
..#######.......#######.....
..#..#..#.......#.(#.^#....
.....#)....###.c@c)#.....##
....###.....#...cc###.....#
...)...).#..#).#.).....#
.........#######(.[⌠...####
.........#.(#..#..)....#..# .
....###.....#.....###.....# ..
.....#.....###...).#.....###...
..#..#..#.......#.[#..#.......#
..#######.......#######.......#


You could see a centaur warrior (very poisoned, ally target), 3 centaurs and 2
friendly dancing weapons.

Vanquished Creatures
  Kirke (D:12)
  Erolcha (D:11)
  A hydra (D:13)
  2 boulder beetles
  5 two-headed ogres
  2 tengu warriors (D:13)
  5 centaur warriors
  A glowing orange brain (D:13)
  2 deep elf pyromancers
  3 manticores
  An ugly thing (D:12)
  2 cyclopes (D:12)
  An unseen horror (D:12)
  A gargoyle (D:13)
  4 kobold demonologists
  3 komodo dragons
  An unseen horror zombie (D:10)
  A tengu conjurer (D:13)
  2 yaktaurs (shapeshifter) (D:13)
  4 trolls
  A polar bear (shapeshifter) (D:13)
  Prince Ribbit (D:5)
  8 slime creatures
  4 shadows (D:10)
  5 vampires
  9 wraiths
  A spriggan (shapeshifter) (D:13)
  A wyvern (D:9)
  6 yaks (D:9)
  A human (D:12)
  A steam dragon (D:7)
  5 vampire mosquitoes
  Menkaure (D:4)
  2 wargs (D:12)
  2 acid dragons
  A water moccasin (D:7)
  A sky beast (D:7)
  An orc warrior (D:8)
  2 black bears (D:5)
  8 centaurs
  2 phantoms (D:4)
  2 kobold brigands
  2 bullfrogs
  3 scorpions
  2 wyvern zombies (Ossuary)
  A necrophage (D:7)
  2 gnoll sergeants
  5 wights
  5 water moccasin zombies (Ossuary)
  9 killer bees
  6 howler monkeys
  8 centaur zombies
  7 bullfrog zombies (Ossuary)
  2 jellies
  5 orc priests
  2 hounds
  Ijyb (D:4)
  8 orc wizards
  2 killer bee zombies (Ossuary)
  13 mummies (Ossuary)
  3 howler monkey zombies
  6 adders
  5 gnolls
  A white imp (D:5)
  3 ufetubi
  5 worms
  3 dart slugs
  36 orcs
  8 ball pythons
  2 bats
  10 endoplasms
  A giant cockroach (D:3)
  4 hobgoblins
  22 kobolds
  4 frilled lizards
  6 goblins
  2 rats (D:1)
312 creatures vanquished.

Vanquished Creatures (collateral kills)
  An orc warrior (D:6)
  7 wights
  A gnoll bouda (D:7)
  4 orc wizards
  4 gnolls
  5 orcs
22 creatures vanquished.

Vanquished Creatures (others)
  6 dancing weapons
  3 humans (D:12)
  2 centaurs (D:12)
  10 withered plants
21 creatures vanquished.

Grand Total: 355 creatures vanquished

Notes
Turn   | Place    | Note
-------+----------+-------------------------------------------
     0 | D:1      | pierdx the Spriggan Enchanter began the quest for the Orb.
     0 | D:1      | Reached XP level 1. HP: 9/9 MP: 5/5
    21 | D:1      | Found a faded altar of an unknown god.
   255 | D:1      | Reached XP level 2. HP: 13/13 MP: 7/7
   258 | D:1      | Learned a level 2 spell: Ensorcelled Hibernation
  1058 | D:2      | Reached XP level 3. HP: 16/16 MP: 6/9
  1080 | D:2      | Learned a level 3 spell: Tukima's Dance
  1084 | D:2      | Learned a level 3 spell: Confusing Touch
  2665 | D:3      | Reached XP level 4. HP: 21/21 MP: 8/11
  2771 | D:3      | Reached skill level 5 in Hexes
  2918 | D:3      | Gained mutation: You are somewhat resistant to further
                  | mutation. [potion of mutation]
  2919 | D:3      | Lost mutation: You are somewhat resistant to further
                  | mutation. [potion of mutation]
  2919 | D:3      | Gained mutation: You are robust. (+10% HP) [potion of
                  | mutation]
  3938 | D:4      | Noticed Ijyb
  3961 | D:4      | Reached skill level 5 in Spellcasting
  3961 | D:4      | Reached XP level 5. HP: 26/26 MP: 11/13
  4251 | D:4      | Noticed Menkaure
  4262 | D:4      | Killed Menkaure
  4263 | D:4      | Reached skill level 5 in Stealth
  4263 | D:4      | Reached XP level 6. HP: 30/30 MP: 10/15
  4297 | D:4      | Killed Ijyb
  4358 | D:4      | Reached skill level 6 in Stealth
  4502 | D:4      | Reached XP level 7. HP: 33/35 MP: 14/17
  4665 | D:5      | Entered Level 5 of the Dungeon
  4675 | D:5      | Reached skill level 7 in Stealth
  4801 | D:5      | Noticed Prince Ribbit
  4808 | D:5      | Killed Prince Ribbit
  4866 | D:5      | Found a staircase to the Ecumenical Temple.
  4874 | Temple   | Entered the Ecumenical Temple
  4882 | Temple   | Became a worshipper of Dithmenos the Shadowed
  5103 | D:5      | Reached skill level 8 in Stealth
  5143 | D:5      | You fall into a shaft and drop 3 floors!
  5154 | D:8      | Found a sand-covered staircase.
  5160 | Ossuary  | Entered an ossuary
  5190 | Ossuary  | Reached XP level 8. HP: 5/39 MP: 20/20
  5648 | Ossuary  | Reached skill level 9 in Stealth
  5893 | Ossuary  | Reached * piety under Dithmenos
  6147 | Ossuary  | Reached skill level 10 in Stealth
  6551 | D:8      | Found a bloodstained altar of Trog.
  6581 | D:8      | Found an iron altar of Okawaru.
  6585 | D:8      | Reached XP level 9. HP: 42/42 MP: 21/23
  6682 | D:8      | Found Ruasonax's General Store.
  6736 | D:7      | Learned a level 3 spell: Dazzling Flash
  6746 | D:7      | Found Qosantid's General Store.
  6768 | D:7      | Found Rashre Zoudgh's Magic Scroll Shop.
  7434 | D:5      | Reached skill level 11 in Stealth
  7672 | D:5      | Reached ** piety under Dithmenos
  8114 | D:6      | Learned a level 7 spell: Enfeeble
  8653 | D:7      | Found Sipheg's Armour Boutique.
  8747 | D:7      | Reached skill level 1 in Fighting
  8817 | D:7      | Reached skill level 10 in Hexes
  9268 | D:7      | Bought a scroll of blinking for 105 gold pieces
  9349 | D:7      | Reached skill level 10 in Spellcasting
  9781 | D:8      | Reached skill level 12 in Stealth
  9785 | D:8      | Reached XP level 10. HP: 42/50 MP: 10/25
  9788 | D:8      | Reached *** piety under Dithmenos
 10111 | D:8      | Found an ancient bone altar of Kikubaaqudgha.
 10395 | D:8      | Found a broken altar of Ashenzari.
 10502 | D:9      | Noticed a two-headed ogre
 10516 | D:9      | Killed a two-headed ogre
 10517 | D:9      | Reached skill level 5 in Dodging
 11310 | D:10     | Entered Level 10 of the Dungeon
 11360 | D:10     | Reached skill level 13 in Stealth
 11379 | D:10     | Reached skill level 5 in Short Blades
 11516 | D:10     | Reached XP level 11. HP: 58/58 MP: 23/27
 11565 | D:10     | Found a runed translucent door.
 11568 | D:10     | Noticed Smoky173's ghost (journeyman HOMo)
 11574 | D:10     | Found a staircase to the Lair.
 11645 | D:10     | Reached **** piety under Dithmenos
 12405 | D:11     | Noticed Erolcha
 12447 | D:11     | Killed Erolcha
 12637 | D:11     | Noticed a boulder beetle
 12640 | D:11     | Found a runed translucent gate.
 12641 | D:11     | Found a runed translucent gate.
 12642 | D:11     | Found a runed translucent gate.
 12649 | D:11     | Killed a boulder beetle
 12650 | D:11     | Reached skill level 14 in Stealth
 12651 | D:11     | Noticed PigKeeper's ghost (journeyman TeVM)
 12731 | D:11     | Found a viscous altar of Jiyva.
 13514 | D:12     | Found a staircase to the Orcish Mines.
 13523 | D:12     | Noticed a centaur warrior
 13531 | D:12     | Killed a centaur warrior
 13531 | D:12     | Reached ***** piety under Dithmenos
 13532 | D:12     | Reached skill level 5 in Fighting
 13532 | D:12     | Reached XP level 12. HP: 54/66 MP: 24/29
 13827 | D:12     | Noticed Kirke
 13845 | D:12     | Killed Kirke
 14118 | D:12     | Noticed a two-headed ogre
 14129 | D:12     | Killed a two-headed ogre
 14130 | D:12     | Reached skill level 15 in Stealth
 14215 | D:12     | Noticed a two-headed ogre
 14222 | D:12     | Killed a two-headed ogre
 14421 | D:12     | Noticed a centaur warrior
 14433 | D:12     | Killed a centaur warrior
 14536 | D:12     | Found Isobul's Assorted Antiques.
 14543 | D:12     | Bought a brown potion for 24 gold pieces
 14543 | D:12     | Bought a cyan potion for 24 gold pieces
 15068 | D:13     | Noticed a two-headed ogre
 15088 | D:13     | Killed a two-headed ogre
 15139 | D:13     | Noticed a two-headed ogre
 15149 | D:13     | Killed a two-headed ogre
 15150 | D:13     | Reached skill level 10 in Dodging
 15591 | D:13     | Noticed a centaur warrior
 15592 | D:13     | Noticed a centaur warrior
 15594 | D:13     | Killed a centaur warrior
 15601 | D:13     | Noticed a boulder beetle
 15869 | D:13     | Killed a centaur warrior
 15870 | D:13     | Reached XP level 13. HP: 45/71 MP: 31/31
 16172 | D:13     | Reached skill level 16 in Stealth
 16534 | D:13     | Identified the +7 mace "Vemiaf" {freeze, rF+ Str-4 Dex+3}
 16546 | D:13     | HP: 3/71 [centaur[a centaur warrior] (3)]
 16546 | D:13     | Slain by a centaur warrior

Illustrated notes

Levels and vault maps discovered:
D:1:      shiori_shiawase, layout_basic, ebering_ecumenical_altar_abandoned,
          minmay_octomino_e4
D:2:      layout_basic, st_stairs_6, minmay_between
D:3:      layout_loops_ring
D:4:      layout_basic, hangedman_decor_lopped, uniq_ijyb, uniq_menkaure
D:5:      layout_basic, minmay_temple_entry_metal_lava, uniq_prince_ribbit1
D:6:      layout_loops_corners
D:7:      layout_loops_ring, serial_shops, shop, shop_statue,
          nicolae_shop_competitors_out_of_business, kennysheep_generic_room_6
D:8:      layout_basic, nicolae_overflow_quartered_altars, serial_shops, shop,
          enter_ossuary_3
D:9:      layout_basic
D:10:     layout_long_grid, lair_entry_dummy, serial_undead, serial_undead_c,
          serial_undead_c, serial_undead_e, serial_undead_e, serial_undead_a,
          serial_undead_e, hellmonk_ghost_happy_afterlife
D:11:     layout_long_grid, gammafunk_ghost_ooze, uniq_erolcha
D:12:     layout_cave_pools, erik_orc_4, serial_shops, shop,
          portal_ice_cave_demonic_guard, uniq_kirke
D:13:     hangedman_cross_cluster, layout_long_grid
Temple:   nicolae_temple_bog_church

Skill      XL: |  1  2  3  4  5  6  7  8  9 10 11 12 13 |
---------------+----------------------------------------+-----
Spellcasting   | 3 4 5 6 7 9 10 11 12 13 | 13.3
Hexes          | 4 5 6 7 9 10 11 12 13 | 13.4
Stealth        | 5 6 8 10 12 13 14 15 16 | 16.2
Dodging        | 4 6 8 10 | 10.8
Fighting       | 2 3 5 6 |  6.5
Short Blades   | 3 5 6 8 |  8.8

Action                   |  1- 3 |  4- 6 |  7- 9 | 10-12 | 13-15 || total
-------------------------+-------+-------+-------+-------+-------++-------
Melee: Dagger            |    99 |   110 |   392 |   450 |    66 ||  1117
       Punch             |     2 |     2 |     7 |     7 |     1 ||    19
Throw: Dart              |       |     2 |       |       |       ||     2
 Cast: Ensorcelled Hiber |     4 |     5 |    19 |    84 |    14 ||   126
       Confusing Touch   |       |     5 |    35 |    25 |     2 ||    67
       Tukima's Dance    |       |       |    18 |    25 |     8 ||    51
       Enfeeble          |       |       |       |     2 |       ||     2
Invok: Shadow Step       |       |       |       |     1 |       ||     1
Evoke: Wand              |       |       |       |     7 |       ||     7
  Use: Scroll            |     6 |     5 |    12 |     8 |       ||    31
       Potion            |       |     7 |     4 |     1 |     4 ||    16
 Stab: Sleeping          |    15 |    11 |    29 |    59 |     6 ||   120
       Confused          |       |     5 |    37 |    29 |     3 ||    74
       Invisible         |       |     1 |     3 |     2 |       ||     6
       Distracted        |       |       |     2 |     3 |     1 ||     6
Armor: Robe              |     7 |     6 |    25 |       |       ||    38
       Steam dragon scal |       |       |    16 |    99 |    34 ||   149
Dodge: Dodged            |    70 |    57 |   287 |   525 |    93 ||  1032

Table legend: (Time is in decaauts)
 A = Elapsed time spent in this place.
 B = Non-inter-level travel time spent in this place.
 C = Inter-level travel time spent in this place.
 D = Time resting spent in this place.
 E = Time spent auto-exploring this place.
 F = Levels seen in this place.
 G = Mean time per level.
                   A        B        C        D        E       F      G
               +--------+--------+--------+--------+--------+-----+--------+
         Total |  12837 |  12575 |    262 |   1639 |   8161 |  15 |  855.8 |
       Dungeon |  11601 |  11343 |    258 |    858 |   8097 |  13 |  892.4 |
        Temple |     10 |      6 |      4 |      0 |      0 |   1 |   10.0 |
       Ossuary |   1225 |   1225 |      0 |    780 |     63 |   1 | 1225.0 |
               +--------+--------+--------+--------+--------+-----+--------+

Top non-repeatable levels by time:
    D:13: 1377 daAuts
     D:2: 1243 daAuts
 Ossuary: 1225 daAuts
    D:11: 1053 daAuts
    D:10: 991 daAuts
     D:3: 958 daAuts
     D:6: 886 daAuts
     D:7: 874 daAuts
     D:1: 797 daAuts
     D:5: 782 daAuts
    D:12: 738 daAuts
     D:9: 683 daAuts
     D:8: 640 daAuts
     D:4: 574 daAuts
  Temple: 10 daAuts
